TOP OF THE 1ST |
Orem Owlz batting - Pitching for Cleveland (APP) Indians : RHP Jose Esteban
|
Pitching: RHP Jose Esteban
|
|
Batting: SHB Butch Brown
|
0-0: Ball 1-0: Fly out, F8 (Flyball, 8RM, EV 91.9 MPH)
|
Batting: LHB Justin Alexander
|
0-0: Called Strike 0-1: Ball 1-1: Ball 2-1: SINGLE (Groundball, 6M, EV 106.9 MPH) (infield hit)
|
Batting: LHB Brett Bugge
|
0-0: Ball 1-0: Ball 2-0: Called Strike 2-1: Fly out, F9 (Flyball, 89S, EV 79.4 MPH)
|
Batting: RHB Mike Alm
|
0-0: Ball Justin Alexander steals 2nd base 1-0: Ball Passed Ball! Justin Alexander to third 2-0: Fly out, F9 (Flyball, 9S, EV 76.9 MPH)
|
Top of the 1st over - 0 runs, 1 hit, 0 errors, 1 left on base; Orem 0 - Cleveland (APP) 0 |
BOTTOM OF THE 1ST |
Cleveland (APP) Indians batting - Pitching for Orem Owlz : RHP Chris Russell
|
Pitching: RHP Chris Russell
|
|
Batting: RHB John Clark
|
0-0: Ball 1-0: Fly out, F7 (Line Drive, 7, EV 93.8 MPH)
|
Batting: RHB Carlos Manriquez
|
0-0: Swinging Strike 0-1: Called Strike 0-2: Ball 1-2: Strikes out swinging
|
Batting: RHB Juan Gallardo
|
0-0: SINGLE (Groundball, 56D, EV 109.4 MPH)
|
Batting: RHB Luis Roman
|
0-0: Ball 1-0: Swinging Strike 1-1: Fielders Choice at 2nd, 6-4 (Groundball, 6, EV 80.6 MPH)
|
Bottom of the 1st over - 0 runs, 1 hit, 0 errors, 1 left on base; Orem 0 - Cleveland (APP) 0 |
TOP OF THE 2ND |
Orem Owlz batting - Pitching for Cleveland (APP) Indians : RHP Jose Esteban
|
Batting: RHB Ryan Pelletier
|
0-0: SINGLE (Groundball, 6MD, EV 100.0 MPH)
|
Batting: RHB Danny Bjarnson
|
0-0: Ball Passed Ball! Ryan Pelletier to second 1-0: Swinging Strike 1-1: Foul Ball, location: 2F 1-2: TRIPLE (Flyball, 9LD, EV 106.9 MPH) Ryan Pelletier scores
|
Batting: RHB J.R. Roberts
|
0-0: Called Strike 0-1: DOUBLE (Line Drive, 89XD, EV 109.4 MPH) Danny Bjarnson scores
|
Batting: RHB Kinya Nishimura
|
0-0: Foul Ball, location: 2F 0-1: Fly out, F7 (Flyball, 7LS, EV 86.2 MPH)
|
Batting: RHB Jose Ramirez
|
0-0: Ball 1-0: Ball Passed Ball! J.R. Roberts to third 2-0: Ground out 6-3 (Groundball, 4M, EV 92.5 MPH) J.R. Roberts scores
|
Batting: SHB Butch Brown
|
0-0: Foul Ball, location: 2F 0-1: Called Strike 0-2: Ball 1-2: Ball 2-2: Ground out U3 (Groundball, 3, EV 100.0 MPH)
|
Top of the 2nd over - 3 runs, 3 hits, 0 errors, 0 left on base; Orem 3 - Cleveland (APP) 0 |
BOTTOM OF THE 2ND |
Cleveland (APP) Indians batting - Pitching for Orem Owlz : RHP Chris Russell
|
Batting: LHB Kenji Yokoyama
|
0-0: Ball 1-0: Fly out, F6 (Popup, 56D, EV 56.9 MPH)
|
Batting: RHB Joe Shade
|
0-0: Ball 1-0: Foul Ball, location: 2F 1-1: Ball 2-1: Swinging Strike 2-2: Strikes out swinging
|
Batting: LHB Heath Ryland
|
0-0: Called Strike 0-1: Ball 1-1: Swinging Strike 1-2: Foul Ball, location: 2F 1-2: Foul Ball, location: 2F 1-2: Ground out 6-3 (Groundball, 6M, EV 83.8 MPH)
|
Bottom of the 2nd over - 0 runs, 0 hits, 0 errors, 0 left on base; Orem 3 - Cleveland (APP) 0 |
TOP OF THE 3RD |
Orem Owlz batting - Pitching for Cleveland (APP) Indians : RHP Jose Esteban
|
Batting: LHB Justin Alexander
|
0-0: Ball 1-0: Swinging Strike 1-1: Swinging Strike 1-2: Foul Ball, location: 2F 1-2: Ball 2-2: Ball 3-2: Base on Balls
|
Batting: LHB Brett Bugge
|
0-0: Ball 1-0: Called Strike 1-1: Ball Justin Alexander steals 2nd base 2-1: Foul Ball, location: 2F 2-2: Fly out, F6 (Line Drive, 6, EV 63.8 MPH)
|
Batting: RHB Mike Alm
|
0-0: Called Strike 0-1: Ball 1-1: Swinging Strike 1-2: Ground out 6-3 (Groundball, 6, EV 85.6 MPH) Justin Alexander to third
|
Batting: RHB Ryan Pelletier
|
0-0: Ball 1-0: Ball 2-0: Called Strike 2-1: Ground out 6-3 (Groundball, 56, EV 87.5 MPH)
|
Top of the 3rd over - 0 runs, 0 hits, 0 errors, 1 left on base; Orem 3 - Cleveland (APP) 0 |
BOTTOM OF THE 3RD |
Cleveland (APP) Indians batting - Pitching for Orem Owlz : RHP Chris Russell
|
Batting: RHB Ken Shear
|
0-0: Ball 1-0: Ball 2-0: Ball 3-0: Base on Balls
|
Batting: SHB Mike Shields
|
0-0: Sac Bunt to 25 - play at first, batter OUT! 5-3 Ken Shear to second
|
Batting: RHB John Clark
|
0-0: Ball 1-0: Ground out 4-3 (Groundball, 4, EV 85.6 MPH) Ken Shear to third
|
Batting: RHB Carlos Manriquez
|
0-0: Ball 1-0: Swinging Strike 1-1: Called Strike 1-2: Ground out 4-3 (Groundball, 4, EV 81.2 MPH)
|
Bottom of the 3rd over - 0 runs, 0 hits, 0 errors, 1 left on base; Orem 3 - Cleveland (APP) 0 |
TOP OF THE 4TH |
Orem Owlz batting - Pitching for Cleveland (APP) Indians : RHP Jose Esteban
|
Batting: RHB Danny Bjarnson
|
0-0: Ground out 3-1 (Groundball, 34, EV 91.2 MPH)
|
Batting: RHB J.R. Roberts
|
0-0: Ball 1-0: Ball 2-0: Ball 3-0: Called Strike 3-1: SINGLE (Groundball, 6MD, EV 96.9 MPH)
|
Batting: RHB Kinya Nishimura
|
0-0: Ball Wild Pitch! J.R. Roberts to second 1-0: Foul Ball, location: 2F 1-1: Ball 2-1: Ball 3-1: DOUBLE (Groundball, 5L, EV 95.6 MPH) J.R. Roberts scores
|
Batting: RHB Jose Ramirez
|
0-0: Called Strike 0-1: Swinging Strike Passed Ball! Kinya Nishimura to third 0-2: Ball 1-2: Fly out, F9 (Flyball, 9S, EV 84.4 MPH)
|
Batting: SHB Butch Brown
|
0-0: Called Strike 0-1: Foul Ball, location: 2F 0-2: Ball 1-2: Ball 2-2: Ball Passed Ball! Kinya Nishimura scores 3-2: SINGLE (Flyball, 5D, EV 92.5 MPH)
|
Batting: LHB Justin Alexander
|
0-0: Called Strike 0-1: Ball Butch Brown steals 2nd base 1-1: Ball 2-1: Foul Ball, location: 2F 2-2: DOUBLE (Line Drive, 9LD, EV 106.9 MPH) Butch Brown scores
|
Batting: LHB Brett Bugge
|
0-0: Ball 1-0: Foul Ball, location: 2F 1-1: Swinging Strike 1-2: Ball Passed Ball! Justin Alexander to third 2-2: Strikes out swinging
|
Top of the 4th over - 3 runs, 4 hits, 0 errors, 1 left on base; Orem 6 - Cleveland (APP) 0 |
BOTTOM OF THE 4TH |
Cleveland (APP) Indians batting - Pitching for Orem Owlz : RHP Chris Russell
|
Batting: RHB Juan Gallardo
|
0-0: Called Strike 0-1: Ball 1-1: Ball 2-1: Ball 3-1: Called Strike 3-2: Base on Balls
|
Batting: RHB Luis Roman
|
0-0: Called Strike 0-1: Ball 1-1: Foul Ball, location: 2F 1-2: Ball 2-2: Fielders Choice at 2nd, 5-4 (Groundball, 56, EV 88.1 MPH)
|
Batting: LHB Kenji Yokoyama
|
0-0: Foul Ball, location: 2F 0-1: Foul Ball, location: 2F 0-2: Foul Ball, location: 2F 0-2: Strikes out swinging
|
Batting: RHB Joe Shade
|
0-0: Called Strike 0-1: Ball 1-1: Ball 2-1: Swinging Strike 2-2: Strikes out looking
|
Bottom of the 4th over - 0 runs, 0 hits, 0 errors, 1 left on base; Orem 6 - Cleveland (APP) 0 |
TOP OF THE 5TH |
Orem Owlz batting - Pitching for Cleveland (APP) Indians : RHP Jose Esteban
|
Batting: RHB Mike Alm
|
0-0: DOUBLE (Flyball, 8LXD, EV 93.8 MPH)
|
Batting: RHB Ryan Pelletier
|
0-0: Foul Ball, location: 2F 0-1: Ball 1-1: Ground out 4-3 (Groundball, 4, EV 83.8 MPH) Mike Alm to third
|
Batting: RHB Danny Bjarnson
|
0-0: Called Strike 0-1: Foul Ball, location: 2F 0-2: Ball Passed Ball! Mike Alm scores 1-2: Foul Ball, location: 2F 1-2: Foul Ball, location: 2F 1-2: Foul Ball, location: 2F 1-2: Foul Ball, location: 2F 1-2: Foul Ball, location: 2F 1-2: Foul Ball, location: 2F 1-2: Foul Ball, location: 2F 1-2: Ball 2-2: DOUBLE (Line Drive, 7LD, EV 108.8 MPH)
|
Batting: RHB J.R. Roberts
|
0-0: Swinging Strike 0-1: Ball 1-1: Foul Ball, location: 2F 1-2: Ball Wild Pitch! Danny Bjarnson to third 2-2: Foul Ball, location: 2F 2-2: Foul Ball, location: 2F 2-2: Ball 3-2: Foul Ball, location: 2F 3-2: Strikes out looking
|
Batting: RHB Kinya Nishimura
|
0-0: Ball 1-0: Swinging Strike 1-1: Ball 2-1: Ball 3-1: Called Strike 3-2: Foul Ball, location: 2F 3-2: Base on Balls
|
Batting: RHB Jose Ramirez
|
0-0: Ball 1-0: Called Strike 1-1: Ball 2-1: Ball 3-1: Base on Balls Kinya Nishimura to second
|
Pitching: RHP Gilbert Paparelli
|
|
Batting: SHB Butch Brown
|
0-0: Ball Wild Pitch! Danny Bjarnson scores Kinya Nishimura to third Jose Ramirez to second 1-0: Called Strike 1-1: Ball 2-1: Ball 3-1: Base on Balls
|
Batting: LHB Justin Alexander
|
0-0: Ball 1-0: Called Strike 1-1: Called Strike 1-2: Ball 2-2: Foul Ball, location: 2F 2-2: Ground out U3 (Groundball, 3S, EV 68.8 MPH)
|
Top of the 5th over - 2 runs, 2 hits, 0 errors, 3 left on base; Orem 8 - Cleveland (APP) 0 |
BOTTOM OF THE 5TH |
Cleveland (APP) Indians batting - Pitching for Orem Owlz : RHP Chris Russell
|
Batting: LHB Heath Ryland
|
0-0: Ball 1-0: Ball 2-0: Ball 3-0: Called Strike 3-1: Base on Balls
|
Batting: RHB Ken Shear
|
0-0: Fielders Choice at 2nd, 6-4 (Groundball, 6M, EV 105.0 MPH)
|
Batting: SHB Mike Shields
|
0-0: Ball 1-0: Bunted foul 1-1: Ball 2-1: Bunt missed! 2-2: Bunt missed, Strikeout!
|
Batting: RHB John Clark
|
0-0: Swinging Strike 0-1: Swinging Strike 0-2: Strikes out swinging
|
Bottom of the 5th over - 0 runs, 0 hits, 0 errors, 1 left on base; Orem 8 - Cleveland (APP) 0 |
TOP OF THE 6TH |
Orem Owlz batting - Pitching for Cleveland (APP) Indians : RHP Gilbert Paparelli
|
Batting: LHB Brett Bugge
|
0-0: Ball 1-0: Ball 2-0: Ball 3-0: Base on Balls
|
Batting: RHB Mike Alm
|
0-0: Swinging Strike 0-1: Ball Wild Pitch! Brett Bugge to second 1-1: Ball 2-1: Ball 3-1: Foul Ball, location: 2F 3-2: Base on Balls
|
Pitching: LHP Jordan Jimenez
|
|
Batting: RHB Ryan Pelletier
|
0-0: Fielders Choice at 2nd, 5-4 (Groundball, 56, EV 84.4 MPH) Brett Bugge to third
|
Batting: RHB Danny Bjarnson
|
0-0: Ball Ryan Pelletier steals 2nd base 1-0: Ball Passed Ball! Brett Bugge scores Ryan Pelletier to third 2-0: Called Strike 2-1: Foul Ball, location: 2F 2-2: Ball 3-2: Foul Ball, location: 2F 3-2: Base on Balls
|
Batting: RHB J.R. Roberts
|
0-0: Ball 1-0: Ball Wild Pitch! Ryan Pelletier scores Danny Bjarnson to second 2-0: Ground out 5-3 (Groundball, 56, EV 80.6 MPH)
|
Batting: RHB Kinya Nishimura
|
0-0: Ball Wild Pitch! Danny Bjarnson to third 1-0: Ball Passed Ball! Danny Bjarnson scores 2-0: Ball 3-0: Base on Balls
|
Batting: RHB Jose Ramirez
|
0-0: Called Strike 0-1: SINGLE (Line Drive, 89M, EV 95.6 MPH) Kinya Nishimura to second
|
Batting: SHB Butch Brown
|
0-0: Ball Passed Ball! Kinya Nishimura to third Jose Ramirez to second 1-0: Ball Wild Pitch! Kinya Nishimura scores Jose Ramirez to third 2-0: Called Strike 2-1: Swinging Strike Passed Ball! Jose Ramirez scores 2-2: Ball 3-2: Base on Balls
|
Batting: LHB Justin Alexander
|
0-0: Foul Ball, location: 2F 0-1: Swinging Strike 0-2: Hit by Pitch Butch Brown to second
|
Batting: LHB Brett Bugge
|
0-0: Called Strike 0-1: Foul Ball, location: 2F 0-2: SINGLE (Line Drive, 4MD, EV 108.8 MPH) Butch Brown to third Justin Alexander to second Throwing error, E8 Butch Brown scores Justin Alexander to third Brett Bugge to second
|
Batting: RHB Mike Alm
|
0-0: Called Strike 0-1: Ball 1-1: Swinging Strike Passed Ball! Justin Alexander scores Brett Bugge to third 1-2: Ball Passed Ball! Brett Bugge scores 2-2: Ball 3-2: DOUBLE (Line Drive, 7LS, EV 115.0 MPH)
|
Batting: RHB Ryan Pelletier
|
0-0: Fly out, F8 (Flyball, 89D, EV 88.8 MPH)
|
Top of the 6th over - 8 runs, 3 hits, 1 error, 1 left on base; Orem 16 - Cleveland (APP) 0 |
BOTTOM OF THE 6TH |
Cleveland (APP) Indians batting - Pitching for Orem Owlz : RHP Chris Russell
|
Batting: RHB Carlos Manriquez
|
0-0: SINGLE (Flyball, 4MD, EV 89.4 MPH)
|
Batting: RHB Juan Gallardo
|
0-0: Foul Ball, location: 2F 0-1: Ball 1-1: Ball 2-1: Foul Ball, location: 2F 2-2: Foul Ball, location: 2F 2-2: Hit by Pitch Carlos Manriquez to second
|
Batting: RHB Luis Roman
|
0-0: Ball 1-0: Fly out, F9 (Flyball, 9, EV 90.0 MPH)
|
Batting: LHB Kenji Yokoyama
|
0-0: Fielders Choice at 2nd, 2-4 (Groundball, 15S, EV 65.6 MPH) Carlos Manriquez to third
|
Batting: RHB Joe Shade
|
0-0: Called Strike 0-1: Foul Ball, location: 2F 0-2: Ball 1-2: Ball 2-2: Ball 3-2: Foul Ball, location: 2F 3-2: Ground out 5-3 (Groundball, 5, EV 80.0 MPH)
|
Bottom of the 6th over - 0 runs, 1 hit, 0 errors, 2 left on base; Orem 16 - Cleveland (APP) 0 |
TOP OF THE 7TH |
Orem Owlz batting - Pitching for Cleveland (APP) Indians : LHP Jordan Jimenez
|
Batting: RHB Danny Bjarnson
|
0-0: Ball 1-0: Ground out 4-3 (Groundball, 4S, EV 86.2 MPH)
|
Batting: RHB J.R. Roberts
|
0-0: Called Strike 0-1: Ball 1-1: Ground out 1-3 (Groundball, 15S, EV 66.9 MPH)
|
Batting: RHB Kinya Nishimura
|
0-0: Ball 1-0: Ball 2-0: Swinging Strike 2-1: Swinging Strike 2-2: Fly out, F7 (Flyball, 7S, EV 90.6 MPH)
|
Top of the 7th over - 0 runs, 0 hits, 0 errors, 0 left on base; Orem 16 - Cleveland (APP) 0 |
BOTTOM OF THE 7TH |
Cleveland (APP) Indians batting - Pitching for Orem Owlz : RHP Chris Russell
|
Batting: LHB Heath Ryland
|
0-0: SINGLE (Groundball, 6M, EV 90.0 MPH) (infield hit)
|
Batting: RHB Ken Shear
|
0-0: Bunted foul 0-1: Bunted foul 0-2: Ball 1-2: Bunt missed, Strikeout!
|
Batting: SHB Mike Shields
|
0-0: Bunted foul 0-1: Bunted foul 0-2: Bunt missed, Strikeout!
|
Batting: RHB John Clark
|
0-0: Foul Ball, location: 2F 0-1: Foul Ball, location: 2F 0-2: Strikes out swinging
|
Bottom of the 7th over - 0 runs, 1 hit, 0 errors, 1 left on base; Orem 16 - Cleveland (APP) 0 |
TOP OF THE 8TH |
Orem Owlz batting - Pitching for Cleveland (APP) Indians : LHP Jordan Jimenez
|
Batting: RHB Jose Ramirez
|
0-0: Foul Ball, location: 2F 0-1: Ball 1-1: Foul Ball, location: 2F 1-2: Ball 2-2: Ball 3-2: Base on Balls
|
Batting: SHB Butch Brown
|
0-0: Ball 1-0: Ball 2-0: Ball 3-0: Called Strike 3-1: Base on Balls Jose Ramirez to second
|
Batting: LHB Justin Alexander
|
0-0: Fielders Choice at 2nd, 4-6 (Groundball, 4, EV 83.8 MPH) Jose Ramirez to third
|
Batting: LHB Brett Bugge
|
0-0: Fielders Choice at 2nd, 4-6 (Groundball, 34D, EV 86.2 MPH) Jose Ramirez scores
|
Batting: RHB Mike Alm
|
0-0: Foul Ball, location: 2F 0-1: Foul Ball, location: 2F 0-2: 2-RUN HOME RUN (Flyball, 9LD, EV 92.5 MPH), Distance : 353 ft
|
Batting: RHB Ryan Pelletier
|
0-0: Ground out 5-3 (Groundball, 5S, EV 79.4 MPH)
|
Top of the 8th over - 3 runs, 1 hit, 0 errors, 0 left on base; Orem 19 - Cleveland (APP) 0 |
BOTTOM OF THE 8TH |
Cleveland (APP) Indians batting - Pitching for Orem Owlz : RHP Chris Russell
|
Pitching: RHP Tim Anderson
|
|
Batting: RHB Carlos Manriquez
|
0-0: Called Strike 0-1: Ball 1-1: Called Strike 1-2: Strikes out swinging
|
Batting: RHB Juan Gallardo
|
0-0: Ball 1-0: Called Strike 1-1: Ball 2-1: Called Strike 2-2: Ground out 5-3 (Groundball, 5, EV 77.5 MPH)
|
Batting: RHB Luis Roman
|
0-0: Called Strike 0-1: DOUBLE (Line Drive, 7LD, EV 101.9 MPH)
|
Batting: LHB Kenji Yokoyama
|
0-0: Foul Ball, location: 2F 0-1: Ball 1-1: Foul Ball, location: 2F 1-2: Ball 2-2: Strikes out swinging
|
Bottom of the 8th over - 0 runs, 1 hit, 0 errors, 1 left on base; Orem 19 - Cleveland (APP) 0 |
TOP OF THE 9TH |
Orem Owlz batting - Pitching for Cleveland (APP) Indians : LHP Jordan Jimenez
|
Batting: RHB Danny Bjarnson
|
0-0: Ball 1-0: Ball 2-0: Ball 3-0: Base on Balls
|
Batting: RHB J.R. Roberts
|
0-0: Ball Passed Ball! Danny Bjarnson to second 1-0: Ball 2-0: Ball Passed Ball! Danny Bjarnson to third 3-0: Called Strike 3-1: Base on Balls
|
Batting: RHB Kinya Nishimura
|
0-0: Single, Error in OF, E7, batter to second base (Groundball, 56D, EV 100.0 MPH) Danny Bjarnson scores J.R. Roberts to third
|
Batting: RHB Jose Ramirez
|
0-0: Ball 1-0: Ball Wild Pitch! J.R. Roberts scores Kinya Nishimura to third 2-0: Ball 3-0: Called Strike 3-1: Foul Ball, location: 2F 3-2: Base on Balls
|
Batting: SHB Butch Brown
|
0-0: Ball 1-0: Foul Ball, location: 2F 1-1: Ball 2-1: Called Strike 2-2: Ball Wild Pitch! Kinya Nishimura scores Jose Ramirez to second 3-2: Base on Balls
|
Batting: LHB Justin Alexander
|
0-0: DOUBLE (Flyball, 78XD, EV 99.4 MPH) Jose Ramirez scores Butch Brown to third
|
Batting: LHB Brett Bugge
|
0-0: SINGLE (Line Drive, 8LS, EV 100.0 MPH) Butch Brown scores Justin Alexander to third Runner from 3rd tries for Home, SAFE, throw by CF to home
|
Batting: RHB Mike Alm
|
0-0: Foul Ball, location: 2F 0-1: Ball 1-1: Swinging Strike Passed Ball! Brett Bugge to second 1-2: Foul Ball, location: 2F 1-2: Ball 2-2: Ball Passed Ball! Brett Bugge to third 3-2: Strikes out swinging wild pitch, reaches first! Brett Bugge scores
|
Batting: RHB Ryan Pelletier
|
0-0: Fielders Choice at 2nd, 3-6 (Groundball, 3, EV 80.6 MPH)
|
Batting: RHB Danny Bjarnson
|
0-0: Fielders Choice at 2nd, 3-6 (Groundball, 34, EV 103.1 MPH)
|
Batting: RHB J.R. Roberts
|
0-0: Fly out, F9 (Flyball, 89S, EV 76.2 MPH)
|
Top of the 9th over - 7 runs, 3 hits, 1 error, 1 left on base; Orem 26 - Cleveland (APP) 0 |
BOTTOM OF THE 9TH |
Cleveland (APP) Indians batting - Pitching for Orem Owlz : RHP Tim Anderson
|
Batting: RHB Joe Shade
|
0-0: Called Strike 0-1: Called Strike 0-2: Ball 1-2: Ball 2-2: Foul Ball, location: 2F 2-2: Ball 3-2: Strikes out looking
|
Batting: LHB Heath Ryland
|
0-0: Ground out 5-3 (Groundball, 5, EV 90.0 MPH)
|
Batting: RHB Ken Shear
|
0-0: Called Strike 0-1: Foul Ball, location: 2F 0-2: Ground out 6-3 (Groundball, 6, EV 83.1 MPH)
|
Bottom of the 9th over - 0 runs, 0 hits, 0 errors, 0 left on base; Orem 26 - Cleveland (APP) 0 |
|